 Dungeon Crawl Stone Soup version 0.31.0-12-g77e489cdc1 (webtiles) character file.

Game seed: 16105888676702056220

2354 Cheops the Mimic (level 9, 0/53 HPs)
             Began as an Octopode Shapeshifter on Feb 23, 2024.
             Was an Elder of Uskayaw.
             Slain by an orc priest
             ... wielding a +0 hand axe
              (7 damage)
             ... on level 7 of the Dungeon.
             The game lasted 00:13:53 (6260 turns).

Cheops the Mimic (Octopode Shapeshifter)            Turns: 6260, Time: 00:13:54

Health: 0/53       AC:  1    Str: 17    XL:     9   Next: 44%
Magic:  0/9        EV: 17    Int: 13    God:    Uskayaw [****..]
Gold:   206        SH:  0    Dex: 11    Spells: 8/8 levels left

rFire   . .          .
                       - Unarmed
rCold   + . .        (shield currently unavailable)
rNeg    . . .        (helmet restricted)
rPois   +            r - amulet of guardian spirit
rElec   .            j - ring of protection from cold
rCorr   .            z - ring of poison resistance
SInv    .            (no ring)
Will    .....        (no ring)
Stlth   +            (no ring)
HPRegen 0.28/turn    (no ring)
MPRegen 0.11/turn    (no ring)
                     (no ring)

%: guardian spirit
@: flux-form, on berserk cooldown, hasted and slowed, glowing
A: glow, contaminating, almost no armour, amphibious, 8 rings, camouflage 1,
gelatinous body 1, (nimble swimmer 1), tentacles
a: Begin Untransformation, Renounce Religion, Stomp, Line Pass


You were on level 7 of the Dungeon.
You worshipped Uskayaw.
Uskayaw was noncommittal.
You were something dangerously unstable.
You visited 2 branches of the dungeon, and saw 8 of its levels.

You collected 256 gold pieces.
You spent 50 gold pieces at shops.

Inventory:

Hand Weapons
 a - a +2 antimagic dagger
Missiles
 n - a throwing net (quivered)
Jewellery
 j - a ring of protection from cold (left tentacle)
 r - an amulet of guardian spirit (around mantle)
 z - a ring of poison resistance (right tentacle)
Talismans
 b - a beast talisman
 c - a flux talisman (active)
 x - a serpent talisman
Wands
 s - a wand of paralysis (5)
 v - a wand of mindburst (16)
Scrolls
 e - a scroll of fog
 f - 2 scrolls of teleportation
 i - a scroll of silence
 m - 2 scrolls of enchant weapon
 o - a scroll of fear
 A - a scroll of amnesia
Potions
 d - a potion of attraction
 h - 2 potions of brilliance
 k - a potion of cancellation
 l - 2 potions of lignification
 p - 5 potions of enlightenment


   Skills:
 - Level 1.0 Fighting
 - Level 2.0 Dodging
 - Level 8.4 Unarmed Combat
 + Level 9.4 Shapeshifting


You had 8 spell levels left.
You didn't know any spells.
Your spell library contained the following spells:

 Spells                   Type           Power      Damage    Failure   Level
 Apportation              Tloc           0%         N/A       30%         1
 Jinxbite                 Hex            0%         N/A       43%         2
 Alistair's Intoxication  Alch           0%         N/A       100%        5


Dungeon Overview and Level Annotations

Branches:
Dungeon (7/15)             Temple (1/1) D:6

Altars:
Ashenzari
Cheibriados
Dithmenos
Elyvilon
Fedhas
Gozag
Hepliaklqana
Kikubaaqudgha
Makhleb
Nemelex Xobeh
Okawaru
Qazlal
Sif Muna
Trog
Uskayaw
Vehumet
Wu Jian
Xom
Yredelemnul
Zin
The Shining One

Shops:
D:4 [*([(

Annotations:
D:7 Jeremiah


Innate Abilities, Weirdness & Mutations

You are something dangerously unstable.
You glow with magical radiation, making you easy to see and hit.
Foes you strike become dangerously contaminated with magical radiation.
You are incapable of wielding weapons or throwing items.
You cannot wear most types of armour.
You are amphibious.
You can wear up to eight rings at the same time.
Your skin changes colour to match your surroundings (Stealth+).
Your rubbery body absorbs attacks. (AC +1, EV +1)
((You are camouflaged when in or above water. (Stealth+)))
You have tentacles for arms and can constrict up to eight enemies at once.


Message History

The orc closely misses you.
Jeremiah gazes at their orb, transfixed.
Uskayaw will force your foes to share their pain.
Unknown command.
Unknown command.
Okay, then.
Okay, then.
You feel better.
You constrict the orc, but do no damage.
The butterfly disappears in a burst of colours!
The orc priest calls upon Beogh to heal the orc.
The orc's wounds heal themselves!
The orc completely misses you. The orc closely misses you.
You feel yourself speed up.
You constrict the orc. The orc hits you with a +0 mace.
* * * LOW HITPOINT WARNING * * *
Okay, then.
Okay, then.
Unknown command.
Unknown command.
You tentacle-slap the orc but do no damage.
The orc glows dangerously bright.
You squeeze the orc, but do no damage.
The orc is almost dead.
You constrict the orc.
You kill the orc!
Jeremiah's eyes close briefly, then snap open.
You barely miss the orc priest. You grab the orc priest.
You constrict the orc priest.
The orc priest hits you with a +0 hand axe.
* * * LOW HITPOINT WARNING * * *
Unknown command.
Unknown command.
Unknown command.
You tentacle-slap the orc priest.
The orc priest begins to glow.
You squeeze the orc priest.
The orc priest is moderately wounded.
You constrict the orc priest.
The butterfly disappears in a burst of colours!
The orc priest hits you with a +0 hand axe!
You die... ##... bbb ... .Fb o#.#o##.## .... bo.

.. #..o #o# #.# o.. #o# #
#.# #.. #p# #.#.# .
..###.. #)# .#.### ...#.#
.......##)# .... .......
.......!.)#####.####...#.#
..........................
..)....#######....##......
.####.. #....##...#.# ....
#....##...#.# .....
##...........


You could see Jeremiah, an orc priest (contam) and 2 orcs.

Vanquished Creatures
  Pikel (D:5)
  Maurice (D:7)
  A water moccasin (D:6)
  An orc warrior (D:6)
  An ice beast (D:6)
  A black bear (D:5)
  A sky beast (D:6)
  An ogre (D:4)
  2 phantoms
  A lemure (D:5)
  4 jellies
  An orc priest (D:6)
  2 bombardier beetles
  4 hounds
  5 iguanas (D:5)
  4 orc wizards
  4 gnolls (D:2)
  6 adders
  A shadow imp (D:5)
  2 white imps
  4 dart slugs
  5 ribbon worms
  19 orcs
  4 endoplasms
  3 giant cockroaches
  15 goblins
  5 hobgoblins (D:2)
  9 jackals
  7 kobolds
  5 quokkas
  7 ball pythons
  4 bats
  A frilled lizard (D:1)
  8 rats
140 creatures vanquished.

Notes
Turn   | Place    | Note
-------+----------+-------------------------------------------
     0 | D:1      | Cheops the Octopode Shapeshifter began the quest for the
                  | Orb.
     0 | D:1      | Reached XP level 1. HP: 13/13 MP: 1/1
   199 | D:1      | Reached XP level 2. HP: 18/18 MP: 2/2
   427 | D:1      | Reached XP level 3. HP: 22/23 MP: 3/3
   746 | D:2      | Found a burning altar of Makhleb.
  1103 | D:2      | Reached XP level 4. HP: 28/28 MP: 4/4
  1300 | D:2      | Reached skill level 5 in Unarmed Combat
  1538 | D:2      | Found a burning altar of Makhleb.
  2024 | D:2      | Reached XP level 5. HP: 33/33 MP: 5/5
  2376 | D:3      | Reached skill level 4 in Shapeshifting
  3339 | D:4      | Reached XP level 6. HP: 23/38 MP: 3/6
  3441 | D:4      | Reached skill level 5 in Shapeshifting
  3489 | D:4      | Found Cougit's Armour Boutique.
  3492 | D:4      | Found Rasuell's Weapon Emporium.
  3511 | D:4      | Found Nadun's General Store.
  3519 | D:4      | Bought a potion of enlightenment for 50 gold pieces
  3917 | D:4      | Found a blossoming altar of Fedhas.
  3976 | D:4      | Found Eprael's Weapon Shoppe.
  4233 | D:4      | Found Cekacuka's Armour Shoppe.
  4369 | D:4      | Reached skill level 6 in Shapeshifting
  4369 | D:4      | Reached XP level 7. HP: 27/43 MP: 3/7
  4623 | D:5      | Entered Level 5 of the Dungeon
  4721 | D:5      | Noticed Pikel
  4734 | D:5      | Killed Pikel
  4735 | D:5      | Reached skill level 7 in Shapeshifting
  4735 | D:5      | Reached XP level 8. HP: 41/48 MP: 6/8
  5140 | D:5      | Identified the +1 robe "Beqipin" {Stlth+}
  5524 | D:6      | Reached skill level 8 in Shapeshifting
  5524 | D:6      | Reached XP level 9. HP: 21/53 MP: 3/9
  5810 | D:6      | Found a staircase to the Ecumenical Temple.
  5964 | D:6      | Found an opulent altar of Gozag.
  6116 | Temple   | Entered the Ecumenical Temple
  6134 | Temple   | Became a worshipper of Uskayaw the Reveller
  6216 | D:7      | Noticed Maurice
  6216 | D:7      | Noticed Jeremiah
  6222 | D:7      | Reached * piety under Uskayaw
  6227 | D:7      | Reached ** piety under Uskayaw
  6229 | D:7      | Killed Maurice
  6229 | D:7      | Reached *** piety under Uskayaw
  6230 | D:7      | Reached skill level 9 in Shapeshifting
  6238 | D:7      | Reached **** piety under Uskayaw
  6260 | D:7      | Slain by an orc priest

Illustrated notes

Levels and vault maps discovered:
D:1:      heliophobic_arrival_henge, layout_basic
D:2:      layout_basic, basic_altar
D:3:      layout_loops_ring, serial_rivers, chequers_serial_rivers_large_b,
          chequers_serial_rivers_micro_d, chequers_serial_rivers_micro_b,
          chequers_serial_rivers_small_a, chequers_serial_rivers_micro_a
D:4:      layout_basic, fedhas_ov_isle_minmay, serial_shops, nicolae_shop_trees,
          nicolae_shop_statue_plus, shop, nicolae_shop_scrapyard, shop,
          serial_corexii_hall, chequers_hall_statues_corner_a,
          corexii_hall_statues_s, chequers_hall_statues_corner_a,
          chequers_hall_statues_corner_a, minmay_ogre_servants
D:5:      layout_rooms, uniq_pikel
D:6:      minmay_klotski, layout_rooms,
          nicolae_gozag_cash_rules_everything_around_me,
          minmay_temple_entry_grid
D:7:      layout_basic, enter_bailey_8, uniq_maurice, uniq_jeremiah
Temple:   hellmonk_temple_of_storms

Skill      XL: |  1  2  3  4  5  6  7  8  9 |
---------------+----------------------------+-----
Unarmed Combat | 4 5 6 8 |  8.4
Shapeshifting  | 4 6 7 8 9 |  9.4
Fighting       | |  1.0
Dodging        | |  2.0

Action                     |  1- 3 |  4- 6 |  7- 9 || total
---------------------------+-------+-------+-------++-------
  Melee: Unarmed           |    68 |   107 |   162 ||   337
         Constrict         |    15 |    26 |    41 ||    82
         Tentacles         |    11 |    23 |    49 ||    83
         Punch             |     1 |     4 |       ||     5
Ability: Begin Untransform |     1 |     1 |       ||     2
    Use: Scroll            |       |     7 |     8 ||    15
         Potion            |       |       |     5 ||     5
   Stab: Sleeping          |     3 |    11 |       ||    14
         Paralysed         |       |       |     3 ||     3
 Armour: Skin              |    26 |    44 |    54 ||   124
  Dodge: Dodged            |    44 |    44 |    84 ||   172
   Form: Beast             |     1 |     1 |       ||     2
         Flux              |       |       |     1 ||     1
